 Dungeon Crawl Stone Soup version 0.28.0-49-g6dfe1f597d (webtiles) character file.

Game seed: 17542748198624035896

767 GigaChad the Covered (level 7, -2/61 HPs)
             Began as a Minotaur Fighter on May 12, 2022.
             Was an Initiate of Ashenzari.
             Slain by a gnoll
             ... wielding a +0 halberd
              (3 damage)
             ... on level 5 of the Dungeon.
             The game lasted 00:10:11 (4961 turns).

GigaChad the Covered (Minotaur Fighter)             Turns: 4961, Time: 00:10:11

Health: -2/61      AC: 10    Str: 25    XL:     7   Next: 52%
Magic:  6/6        EV:  9    Int:  5    God:    Ashenzari [......]
Gold:   175        SH:  0    Dex: 14    Spells: 6/6 levels left

rFire   . . .      SeeInvis .   q - +10 battleaxe of the Realm of Zot {venom, Str+4 Dex+3}
rCold   . . .      Faith    .   (shield currently unavailable)
rNeg    . . .      Spirit   .   j - +0 chain mail
rPois   .          Reflect  .   (helmet restricted)
rElec   .          Harm     .   (no cloak)
rCorr   .          Rampage  .   (no gloves)
Will    .....                   (no boots)
Stlth   ..........              (no amulet)
HPRegen 0.20/turn               (no ring)
MPRegen 0.10/turn               (no ring)

@: lethally poisoned (-2 -> -30)
A: horns 2, retaliatory headbutt
a: Renounce Religion


You were on level 5 of the Dungeon.
You worshipped Ashenzari.
Ashenzari was noncommittal.
You visited 2 branches of the dungeon, and saw 6 of its levels.

You collected 175 gold pieces.

Inventory:

Hand Weapons
 a - a +0 long sword
 k - a +0 lajatang
 q - the +10 battleaxe of the Realm of Zot (weapon) {venom, Str+4 Dex+3}
   (You found it on level 5 of the Dungeon)

   It poisons the flesh of those it strikes.
   Str:       It affects your strength (+4).
   Dex:       It affects your dexterity (+3).
Missiles
 p - 9 poisoned darts (quivered)
Armour
 b - a +0 scale mail
 c - a +0 buckler
 j - a +0 chain mail (worn)
Scrolls
 g - 5 scrolls of identify {unknown}
 l - 2 scrolls of enchant weapon {unknown}
 m - 3 scrolls of teleportation {unknown}
 o - a scroll of amnesia {unknown}
Potions
 d - a potion of might
 e - a potion of resistance {unknown}
 f - 2 potions of brilliance {unknown}
 h - 2 potions of lignification {unknown}
 i - a potion of cancellation {unknown}
 n - a potion of berserk rage {unknown}
 r - a potion of magic {unknown}


   Skills:
 + Level 5.0 Fighting
 + Level 4.1 Long Blades
 + Level 0.5 Axes
 + Level 4.9 Staves
 + Level 6.8 Armour
 + Level 1.0 Dodging
 + Level 1.0 Stealth
 + Level 4.9 Shields


You had 6 spell levels left.
You didn't know any spells.
Your spell library contained the following spells:

 Spells                   Type           Power      Damage    Failure   Level
 Animate Skeleton         Necr           0%         N/A       97%         1
 Apportation              Tloc           0%         N/A       97%         1
 Magic Dart               Conj           0%         1d3       97%         1
 Summon Small Mammal      Summ           0%         N/A       97%         1
 Call Imp                 Summ           0%         N/A       99%         2
 Call Canine Familiar     Summ           0%         N/A       100%        3
 Gell's Gravitas          Tloc           0%         N/A       100%        3
 Lesser Beckoning         Tloc           0%         N/A       100%        3
 Mephitic Cloud           Conj/Pois/Air  0%         N/A       100%        3
 Teleport Other           Tloc           0%         N/A       100%        3
 Olgreb's Toxic Radiance  Pois           0%         N/A       100%        4
 Alistair's Intoxication  Tmut/Pois      0%         N/A       100%        5
 Haunt                    Necr/Summ      0%         N/A       100%        7


Dungeon Overview and Level Annotations

Branches:
Dungeon (5/15)             Temple (1/1) D:4

Altars:
Ashenzari
Dithmenos
Elyvilon
Fedhas
Hepliaklqana
Kikubaaqudgha
Makhleb
Nemelex Xobeh
Okawaru
Qazlal
Ru
Sif Muna
Trog
Uskayaw
Wu Jian
Xom
Zin
The Shining One


Innate Abilities, Weirdness & Mutations

You have a pair of horns on your head.
You reflexively headbutt those who attack you in melee.


Message History

You are poisoned.
The gnoll hits you with a +0 whip.
You hit the gnoll shaman. You headbutt the gnoll shaman.
The gnoll shaman is heavily wounded.
You slash the gnoll!
The gnoll is poisoned.
You hit the gnoll.
The gnoll is poisoned.
You feel very sick. The gnoll shaman closely misses you. The gnoll misses you.
The gnoll hits you from afar with a +0 halberd!
The gnoll barely misses you.
The gnoll hits you from afar with a +0 halberd.
The gnoll hits you but does no damage.
The gnoll hits you from afar with a +0 spear of venom.
You are more poisoned.
The gnoll hits you from afar with a +0 halberd.
The gnoll barely misses you. The gnoll hits you with a +0 club.
The gnoll closely misses you.
You barely miss the gnoll shaman.
The gnoll shaman is heavily wounded.
You slash the gnoll!
You kill the gnoll!
You closely miss the gnoll.
* * * LOW HITPOINT WARNING * * *
You feel very sick. The gnoll hits you but does no damage.
The gnoll hits you from afar with a +0 spear of venom.
* * * LOW HITPOINT WARNING * * *
You are more poisoned.
The gnoll shaman calls upon its god to heal the gnoll.
The gnoll is healed somewhat.
The gnoll hits you from afar with a +0 halberd!
* * * LOW HITPOINT WARNING * * *
The gnoll hits you with a +0 club.
* * * LOW HITPOINT WARNING * * *
The gnoll closely misses you. The gnoll barely misses you.
The gnoll shaman calls upon its god to speed up the gnoll.
The gnoll seems to speed up.
The gnoll hits you with a +0 club.
* * * LOW HITPOINT WARNING * * *
The gnoll hits you from afar with a +0 halberd.
You die...

...#. ####..#. #..<#.#
##...... #...#.# #
...##..#######.#.#.#.#
...##..#...........#.#
...##.................
...##...........gg.#.#
...............).gg..#
...............g@#....#
......#....########...#
......#....# #### #...#
......#....# #....#...#
......#....# #....#...#
......#....###.........
......#............#.####.#..
##...##................(.....
#.†.##...........##.####....


You could see a gnoll shaman and 4 gnolls.

Vanquished Creatures
  A shadow (D:5)
  A black bear (D:5)
  A necrophage (D:4)
  A scorpion (D:5)
  A water moccasin skeleton (D:5)
  A bullfrog zombie (D:5)
  A centaur zombie (D:5)
  3 hounds
  2 iguanas
  2 hound skeletons
  A gnoll (D:5)
  5 adders
  A worm (D:3)
  2 orcs (D:4)
  3 endoplasms
  4 giant cockroaches
  9 goblins
  6 hobgoblins
  2 jackals (D:1)
  A kobold (D:1)
  A quokka (D:2)
  2 ball pythons
  7 bats
  6 frilled lizards
  A rat (D:2)
65 creatures vanquished.

Notes
Turn   | Place    | Note
-------+----------+-------------------------------------------
     0 | D:1      | GigaChad the Minotaur Fighter began the quest for the Orb.
     0 | D:1      | Reached XP level 1. HP: 19/19 MP: 0/0
    51 | D:1      | Reached skill level 4 in Armour
   193 | D:1      | Reached XP level 2. HP: 22/27 MP: 1/1
   876 | D:2      | Reached XP level 3. HP: 33/33 MP: 2/2
  1049 | D:2      | Got the Compendium of Pyromania
  1936 | D:2      | Reached XP level 4. HP: 26/40 MP: 3/3
  2630 | D:3      | Found a faded altar of an unknown god.
  3376 | D:4      | Found a staircase to the Ecumenical Temple.
  3398 | D:4      | Reached XP level 5. HP: 45/46 MP: 4/4
  3400 | D:4      | Reached skill level 1 in Staves
  3414 | Temple   | Entered the Ecumenical Temple
  3423 | Temple   | Became a worshipper of Ashenzari the Shackled
  3511 | D:4      | Noticed a necrophage
  3520 | D:4      | Killed a necrophage
  3521 | D:4      | Reached skill level 5 in Armour
  4370 | D:4      | You fall into a shaft and drop 1 floor!
  4370 | D:5      | Entered Level 5 of the Dungeon
  4382 | D:5      | Reached XP level 6. HP: 33/53 MP: 5/5
  4620 | D:5      | Found a large runed translucent door.
  4631 | D:5      | Found a large runed translucent door.
  4636 | D:5      | Noticed a shadow
  4849 | D:5      | Killed a shadow
  4850 | D:5      | Reached skill level 6 in Armour
  4850 | D:5      | Reached skill level 1 in Dodging
  4850 | D:5      | Reached skill level 1 in Stealth
  4850 | D:5      | Reached XP level 7. HP: 38/60 MP: 6/6
  4855 | D:5      | Found a large runed translucent door.
  4855 | D:5      | Found a large runed translucent door.
  4868 | D:5      | Identified the +10 battleaxe of the Realm of Zot {venom,
                  | Str+4 Dex+3}
  4944 | D:5      | Reached skill level 5 in Fighting
  4961 | D:5      | HP: 3/61 [gnoll/+0 halberd (8)]
  4961 | D:5      | HP: 1/61 [gnoll/+0 club (1)]
  4961 | D:5      | Slain by a gnoll

Illustrated notes

Levels and vault maps discovered:
D:1:      roderic_chinese_lattice_arrival, layout_rooms
D:2:      layout_rooms
D:3:      layout_basic, basic_ecumenical_altar, hangedman_decor_points,
          minmay_splitting_lines
D:4:      layout_loops_corners, minmay_temple_entry_sparse_star,
          nrook_loot_triangle, grunt_ministairs_7
D:5:      layout_basic, minmay_hollow_rounded_squares, uniq_duvessa
Temple:   compressed_dpeg_triangle_lava_temple

Skill      XL: |  1  2  3  4  5  6  7 |
---------------+----------------------+-----
Armour         | 4 5 6 |  6.8
Shields        | 4 |  4.9
Fighting       | 4 5 |  5.0
Long Blades    | 3 4 |  4.1
Staves         | 2 4 |  4.9
Dodging        | 1 |  1.0
Stealth        | 1 |  1.0
Axes           | |  0.5

Action                   |  1- 3 |  4- 6 |  7- 9 || total
-------------------------+-------+-------+-------++-------
Melee: Long sword        |    67 |    26 |     4 ||    97
       Headbutt          |     5 |    16 |     4 ||    25
       Lajatang          |       |    59 |       ||    59
       Battleaxe         |       |       |     8 ||     8
  Use: Scroll            |     2 |       |       ||     2
Armor: Scale mail        |    56 |    11 |       ||    67
       Chain mail        |       |    76 |    12 ||    88
Dodge: Dodged            |    69 |    58 |    12 ||   139
Block: Buckler           |    30 |    15 |     2 ||    47
